Cogmind - Beta 10.2 @@@ ROGUE MODE // 2021.12.22 @ 18:49:46 Player: Malakyel Result: Destroyed by G-34 Mercenary with Small Laser Performance ------------- Evolutions (0) 0 Regions Visited (1) 200 Robots Destroyed (18) 90 Value Destroyed (439) 439 Prototype IDs (0) 0 Alien Tech Used (0) 0 Bonus (0) 0 TOTAL SCORE: 729 Bonus ------- None Cogmind --------- Core Integrity 0/250 Matter 269/300 Energy 100/100 System Corruption 2% Temperature Cool (21) Movement Core (200) Ox3 Location -10/Materials Parts ------- > --- POWER (1) -------- (None) > --- PROPULSION (2) --- (None) > --- UTILITY (2) ------ Medium Storage Unit Power Shielding > --- WEAPON (2) ------- Light Assault Rifle > --- INVENTORY (8) ---- Ion Engine Small Storage Unit Small Battery (100) Seismic Analyzer ECM Suite Light Assault Rifle Peak State ------------ > --- POWER ------------ Ion Engine > --- PROPULSION ------- Light Treads Light Treads > --- UTILITY ---------- Small Storage Unit Power Shielding > --- WEAPON ----------- Assault Rifle Light Assault Rifle > --- INVENTORY -------- Ion Engine Aluminum Leg Aluminum Leg Medium Laser [Rating: 7] Favorites ----------- Power Ion Engine Engine Ion Engine Propulsion Light Treads Treads Light Treads Utility Power Shielding Storage Small Storage Unit Protection Power Shielding Weapon Light Assault Rifle Energy Gun Medium Laser Ballistic Gun Light Assault Rifle Build | -11 -10 ------- Run | Scr Mat Slots Evolved . | . . Power . | . . Propulsion . | . . Utility . | . . Weapon . | . . Parts Attached 17 | 4 13 Power 4 | 1 3 Engine 4 | 1 3 Core . | . . Reactor . | . . Propulsion 2 | 2 . Treads 2 | 2 . Leg . | . . Wheel . | . . Hover . | . . Flight . | . . Utility 3 | 1 2 Device . | . . Storage 2 | 1 1 Processor . | . . Hackware . | . . Protection 1 | . 1 Artifact . | . . Weapon 8 | . 8 Energy Gun 1 | . 1 Energy Cannon . | . . Ballistic Gun 7 | . 7 Ballistic Cannon . | . . Launcher . | . . Special Weapon . | . . Impact Weapon . | . . Slashing Weapon . | . . Piercing Weapon . | . . Special Melee Weapon . | . . Unidentified Prototypes . | . . Parts Lost 7 | . 7 Power 1 | . 1 Propulsion 2 | . 2 Utility . | . . Weapon 4 | . 4 Highest Loss Streak 5 | . 5 Average Slot Usage (%) 93 | . 93 Engine 14 | . 14 Treads 23 | . 23 Storage 14 | . 14 Protection 13 | . 13 Ballistic Gun 27 | . 27 Naked Turns . | . . Heaviest Build 16 | 9 16 Greatest Support 40 | 40 40 Greatest Overweight (x) 4 | . 4 Average Overweight (x) . | . . Largest Inventory Capacity 8 | 6 8 Average Capacity 6 | 5 6 Most Carried 8 | 6 8 Average Carried 6 | 4 6 Final Capacity 8 | 6 8 Final Carried 6 | 6 6 Class Distribution -------------------- 100% | Mutant Dominant Class ---------------- Mutant | -10/Materials Resources | -11 -10 ----------- Run | Scr Mat Matter Collected 529 | 187 342 Remotely . | . . Salvage Created 702 | . 702 Parts 43 | . 43 Haulers Intercepted 1 | . 1 Recyclers Shooed 2 | . 2 Parts Field Recycled . | . . Retrieved Matter . | . . Parts Self-Destructed . | . . Prevented . | . . Kills | -11 -10 ------- Run | Scr Mat Combat Hostiles Destroyed 13 | . 13 Guns 13 | . 13 Classes Destroyed 6 | . 6 Hauler 1 | . 1 Recycler 1 | . 1 Operator 1 | . 1 Watcher 2 | . 2 Swarmer 3 | . 3 Grunt 10 | . 10 Best Kill Streak 3 | . 3 Combat Bots Only 3 | . 3 Max Kills in Single Turn 1 | . 1 Gunslinging . | . . Exploded . | . . Melee . | . . Uniques/NPCs Destroyed . | . . Combat | -11 -10 -------- Run | Scr Mat Damage Taken 1323 | . 1323 Core 250 | . 250 Absorbed by Shields . | . . Core Remaining (%) 100 | 100 . Volleys Fired 79 | . 79 Largest 2 | . 2 Hottest 40 | . 40 Shots Fired 153 | . 153 Gun 153 | . 153 Cannon . | . . Launcher . | . . Special . | . . Kinetic 153 | . 153 Thermal . | . . Explosive . | . . Electromagnetic . | . . Robot Hit Streak 18 | . 18 Robot Miss Streak 5 | . 5 Penetration Max . | . . Secondary Targets 4 | . 4 Max Gunslinging Chain 1 | . 1 Shots Hit Robots 106 | . 106 Core Hits 42 | . 42 Critical Hits 2 | . 2 Critical Kills . | . . Critical Parts Destroyed 2 | . 2 Melee Attacks . | . . Impact . | . . Slashing . | . . Piercing . | . . Sneak Attacks . | . . Combat Hostiles . | . . Follow-up Attacks . | . . Damage Inflicted 1004 | . 1004 Guns 1004 | . 1004 Cannons . | . . Explosions . | . . Melee . | . . Ramming . | . . Kinetic 1004 | . 1004 Thermal . | . . Explosive . | . . Electromagnetic . | . . Impact . | . . Slashing . | . . Piercing . | . . Highest Corruption 2 | . 2 Average Corruption 1 | . 1 Corruption Purged . | . . Effects 7 | . 7 Message Errors 1 | . 1 Heat Flow Errors 2 | . 2 Energy Discharges 1 | . 1 Targeting Errors 3 | . 3 Overload Shots . | . . Overflow Damage . | . . Projectiles . | . . Explosions . | . . Melee . | . . Knockbacks . | . . Impact . | . . Kinetic . | . . Secondary . | . . Self-Inflicted Damage . | . . Shots . | . . Rammed . | . . Targets Rammed . | . . Kicked . | . . Crushed . | . . Highest Temperature 194 | . 194 Average Temperature 26 | . 26 Received Heat Transfer 705 | . 705 Siege Activations . | . . Robots Corrupted . | . . Combat Hostiles . | . . Parts Fried . | . . Impact Corruptions . | . . Robots Melted . | . . Combat Hostiles . | . . Parts Melted . | . . Heat Transferred . | . . Parts Sabotaged . | . . Parts Stolen . | . . Parts Stripped . | . . Power Chain Reactions . | . . Missiles Intercepted . | . . Alert | -11 -10 ------- Run | Scr Mat Peak Influence 219 | . 219 Initial . | . . Average 76 | . 80 Maximum Alert Level 1 | . 1 Low Security (%) 84 | 100 83 Level 1 15 | . 16 Level 2 . | . . Level 3 . | . . Level 4 . | . . Level 5 . | . . High Security . | . . Max Security . | . . Squads Dispatched 4 | . 4 Investigation . | . . Extermination . | . . Reinforcement 4 | . 4 Assault . | . . Garrison . | . . Intercept . | . . Construction Impeded . | . . Haulers Reinforced . | . . Stealth | -11 -10 --------- Run | Scr Mat Distress Signals . | . . Communications Jammed . | . . Distress Signals . | . . Times Spotted 35 | . 35 Peak Tracking Total 6 | . 6 Tactical Retreats 1 | . 1 Traps | -11 -10 ------- Run | Scr Mat Traps Triggered 2 | . 2 Indirectly . | . . Trap Hack Attempts . | . . Triggered . | . . Disarmed . | . . Reprogrammed . | . . Reused . | . . Traps Extracted . | . . Installed . | . . Triggered . | . . Machines | -11 -10 ---------- Run | Scr Mat Machines Disabled . | . . Max in Single Turn . | . . Machines Sabotaged . | . . Garrisons Compromised . | . . Overloaded Fab Kills . | . . Fab Network Shutdowns . | . . Hacking | -11 -10 --------- Run | Scr Mat Machines Accessed 3 | . 3 Terminals 1 | . 1 Fabricators . | . . Repair Stations . | . . Recycling Units 2 | . 2 Scanalyzers . | . . Garrison Access . | . . Total Hacks 13 | . 13 Successful 9 | . 9 Failed 4 | . 4 Catastrophic . | . . Database Lockouts . | . . Manual . | . . Terminals 3 | . 3 Fabricators . | . . Repair Stations . | . . Recycling Units 10 | . 10 Scanalyzers . | . . Garrison Access . | . . Terminal Hacks 2 | . 2 Record 2 | . 2 Fabricator Hacks . | . . Repair Station Hacks . | . . Recycling Unit Hacks 7 | . 7 Recycle Component 2 | . 2 Process 2 | . 2 Report Inventory 2 | . 2 Retrieve Components 1 | . 1 Scanalyzer . | . . Garrison Access Hacks . | . . Unauthorized Hacks . | . . Terminals . | . . Fabricators . | . . Repair Stations . | . . Recycling Units . | . . Scanalyzers . | . . Garrison Access . | . . Data Cores Recovered . | . . Used . | . . Hacking Detections 2 | . 2 Full Trace Events 2 | . 2 Feedback Events . | . . Feedback Blocked . | . . Robot Schematics Acquired . | . . Robots Built . | . . Matter . | . . Time . | . . Total Robot Build Rating . | . . Part Schematics Acquired . | . . Parts Built . | . . Matter . | . . Time . | . . Total Part Build Rating . | . . Parts Repaired . | . . Time . | . . Parts Recycled 2 | . 2 Recycled Matter 220 | . 220 Retrieved Matter . | . . Retrieved Components 3 | . 3 Parts Scanalyzed . | . . Part Schematics Acquired . | . . Parts Damaged . | . . Bothacking | -11 -10 ------------ Run | Scr Mat Used RIF Installer . | . . Robots Hacked . | . . Non-combat . | . . Combat . | . . Robot Hacks Applied . | . . Relay Couplers Released . | . . Robots Rewired . | . . Allies Hacked . | . . Hacks Repelled . | . . Allies | -11 -10 -------- Run | Scr Mat Total Allies . | . . Largest Group . | . . Highest-Rated Group . | . . Highest-Rated Ally . | . . Total Orders . | . . Ally Attacks . | . . Total Damage . | . . Kills . | . . Allies Corrupted . | . . Allies Melted . | . . Intel | -11 -10 ------- Run | Scr Mat Robot Analysis Total . | . . Derelict Logs Recovered . | . . Drone Launches . | . . Drone Recoveries . | . . Exploration | -11 -10 ------------- Run | Scr Mat Turns Passed 1196 | 66 1130 Spaces Moved 591 | 37 554 Core 10 | 5 5 Treads 581 | 32 549 Legs . | . . Wheels . | . . Hover . | . . Flight . | . . Fastest Speed 50 | 50 160 Average Speed 159 | 145 160 Slowest Speed 250 | 160 250 Overloaded Moves . | . . Propulsion Burnouts . | . . Robots Hopped . | . . Cave-ins Triggered . | . . Exploration Rate (%) 26 | 3 50 Regions Visited 1 Branch Regions . Pre-discovered Areas . | . . Known Exits Taken . | . . Unknown Exits Taken 1 | 1 . Scrap Searched . | . . Spaces Dug . | . . Terrain Destroyed . | . . Melee . | . . Projectile . | . . AOE . | . . Terrain Rammed . | . . Walls Destroyed . | . . Machines Disabled . | . . Actions | -11 -10 --------- Run | Scr Mat Total 711 | 48 663 Wait . | . . Move 590 | 36 554 Hop . | . . Pick Up 20 | 8 12 Fast Attach 2 | 2 . Attach 9 | 2 7 Detach 1 | . 1 Swap 6 | . 6 Drop 4 | . 4 Fire 79 | . 79 Melee . | . . Ram . | . . Kick . | . . Crush . | . . Escape Stasis . | . . Rewire . | . . Trap . | . . Miscellaneous . | . . Route ------- -11/Scrapyard -10/Materials (discovered 2 exits: [*Mat x2]) History --------- Turn | Location | Event 4 | -11/Scrapyard | Discovered new exit (range 16) 67 | -11/Scrapyard | Entered Materials 283 | -10/Materials | Discovered new exit (range 15) 304 | -10/Materials | Build established: Mutant 484 | -10/Materials | Discovered new exit (range 15) 1168 | -10/Materials | Core integrity fell below 50% 1193 | -10/Materials | Core integrity fell below 20% 1197 | -10/Materials | Destroyed by G-34 Mercenary with Small Laser Last Messages --------------- 00888_ Acquired 2 matter. 00889_ G-34 Mercenary suffers critical hit. 00889_ Destroyed Aluminum Leg. 00890_ Acquired 2 matter. 00891_ K-01 Serf collects debris. 00893_ Acquired 2 matter. 00897_ G-34 Mercenary destroyed. 00898_ Acquired 2 matter. 00901_ K-01 Serf collects debris. 00906_ R-06 Scavenger collects Particle Gun. 01013_ Acquired Lgt. Ion Engine. 01031_ System corrupted: Heat flow error (+116). 01062_ Acquired 10 matter. 01090_ System corrupted: Heat flow error (+214). 01122_ System corrupted: Energy discharge (-47). 01143_ Lgt. Treads destroyed. 01157_ Lgt. Assault Rifle destroyed. 01181_ System corrupted: Lgt. Assault Rifle targeting data glitched. 01190_ Lgt. Assault Rifle destroyed. 01193_ Lgt. Ion Engine destroyed. Map ----- +----------------------------------------------------+ | ????????????????????????????????????????? | | ????????????????????????????????????????? | | ????????????????????????????????????????? | | ????????????????????????????????????????? | | ????????????????????????????????????????? | | ????????????????????????????????????????? | | ????????????????????????????????????????? | | ???????????????????????????????????#####? | | ???????????????????????????????????# #? | | ???????????????????????????????????# #? | | ???????????????????????????????????# #? | | ???????????????????????????????????# #? | | ????????????# ?????????????????????# #? | | ????????????# ####+##+############ #? | | ????????????+ #? | | ????????????# #? | | ????????????# #? | | ??????????????######### ########## #? | | ??????????????????????# #????????# #? | | ??????????????????????# #????????# #? | | ??????????????????????# #????????# #? | | ???????????#######???## ##???????# #? | | ???????????# ##### #???????# #? | | ???????????# #???????? #? | | ???????????#| g T #???????? ? | | ???????????# @ g #???????? #? | | ???????????# ##### #???????? #? | | ??????????####+#####?## ##???????? #? | | ??????????# #??# #????????# #? | | ??????????# """"" #### #????????# #? | | ??????????# """"" + #????????# #? | | ??????????# """"" #### #????????# #? | | ??????????# """"" #??## ##????????# #? | | ??????????# """"" #???# #?????????# #? | | ??????????# """"" #???# #?????????# ## | | ??????????# """"" #??? ???????### | | ??????????# #??? ???????#"" | | ??????????#######+##??? T ????????"T ^"" | | ???????########## #???? ?????????" """ | | ???????# # #???? ????????# "" | | ???????# """ # #????#?#?????????# | | ???????# """ #%#????????????????# % | | ???????# """ # #????????????????# %#? | | ???????# # ###???????######## %## | | ???????#"" """ #% ######### # # | | ???????#"T """ # + % %# % # | | ???????#"" """ + ######### % ! %+% # | | ???????# # #???????# !! #% # | | ???????######+### %#???????# ! % # + | | ???????# # #???????# % # # | +----------------------------------------------------+ Best States ------------- Heat Dissipation 25 Energy Generation 10 Energy Capacity 250 Matter Stores 300 Matter Capacity 300 Sight Range 16 Terrain Scan Density 10 Power Shielding 33 Evasion (%) 40 Recoil Reduction 2 Item Schematics ----------------- None Robot Schematics ------------------ None Fabricated ------------ Nothing Alien Tech Used ----------------- None Achievements -------------- Loot Pinata Challenges ------------ None Game ------ Seed ImprinterFortressShotgun Manual? 0 Play Time 00:19:13 Cumulative 3.9 hours Start 2021.12.22 @ 18:31:15 End 2021.12.22 @ 18:49:46 Sessions 1 Manual Loads 0 Difficulty Rogue Special Mode None Game No. 6 Rogue 6 Adventurer 0 Explorer 0 Win Type - Total 0 Types 0/0/0/0/0/0/0/0/0 Lore% 2 Gallery% 7 Achievement% 7 Wizard Run 0 Options --------- ASCII 0 Keyboard 0 Movement Mouse Keybinds 0 Fullscreen 2 Font 18/SmallcapsGlow Map View 76x50 Tactical HUD 1 Map Filters NONE Filters NONE Steam 1 RUN: 2bcb8d59-1c94-40aa-978e-ae10264de71a